 Dungeon Crawl Stone Soup version 0.19-a0-1608-g4cf22de (webtiles) character file.

652 jacquesderrida the Slasher (level 7, -2/34 HPs)
             Began as a Vine Stalker Skald on Sept 17, 2016.
             Was an Initiate of Ashenzari.
             Slain by an ice beast (5 damage)
             ... on level 5 of the Dungeon.
             The game lasted 00:08:08 (770 turns).

jacquesderrida the Slasher (Vine Stalker Skald)      Turns: 770, Time: 00:08:09

Health: -2/34      AC:  3    Str: 15    XL:     7   Next: 54%
Magic:  0/11       EV: 11    Int: 13    God:    Ashenzari [......]
Gold:   50         SH:  0    Dex: 17    Spells: 1 memorised, 9 levels left

rFire  . . .     SeeInvis .     k - +1 long sword
rCold  . . .     Gourm    .     b - +0 leather armour
rNeg   . . .     Faith    .     (no shield)
rPois  .         Spirit   +     (no helmet)
rElec  .         Dismiss  .     (no cloak)
rCorr  .         Reflect  .     (no gloves)
MR     .....     Harm     .     (no boots)
Stlth  +.........               (no amulet)
                                i - +3 ring of dexterity
                                g - ring of flight

@: no status effects
A: fangs 2, regeneration 1, magic shield, antimagic bite, no device heal 3, rot
immunity
a: Curse Item, Renounce Religion, Evoke Flight


You were on level 5 of the Dungeon.
You worshipped Ashenzari.
Ashenzari was noncommittal.
You were not hungry.

You visited 2 branches of the dungeon, and saw 6 of its levels.

You collected 50 gold pieces.

Inventory:

Hand Weapons
 a - a +0 falchion
 k - a +1 long sword (weapon)
Armour
 b - a +0 leather armour (worn)
Jewellery
 g - a ring of flight (left hand)
 i - a +3 ring of dexterity (right hand)
Wands
 j - a wand of iceblast (0/15)
 p - a wand of heal wounds (4/9)
Scrolls
 n - a scroll of teleportation
Potions
 e - a potion of berserk rage {unknown}
 f - 3 potions of curing
 h - a potion of flight {unknown}
 l - a potion of agility {unknown}
Books
 c - a book of Battle

   Spells                             Type                      Level
   a - Infusion                       Charms                       1
   b - Shroud of Golubria             Charms/Translocation         2
   c - Song of Slaying                Charms                       2
   d - Spectral Weapon                Hexes/Charms                 3
   e - Regeneration                   Charms/Necromancy            3
Comestibles
 d - a bread ration


   Skills:
 - Level 1.7 Fighting
 + Level 7.5 Long Blades
 - Level 0.7 Armour
 - Level 0.7 Dodging
 - Level 2.1 Spellcasting
 - Level 3.0 Charms


You had 9 spell levels left.
You knew the following spells:

 Your Spells              Type           Power        Failure   Level  Hunger
a - Infusion              Chrm           #...         10%         1    ##.....


Dungeon Overview and Level Annotations

Branches:
Dungeon (5/15)             Temple (1/1) D:5

Altars:
Ashenzari
Dithmenos
Gozag
Makhleb
Okawaru
Qazlal


Innate Abilities, Weirdness & Mutations

You have extremely sharp teeth.
Your natural rate of healing is unusually fast.
When hurt, damage is shared between your health and your magic reserves.
Your bite disrupts and absorbs the magic of your enemies.
Potions and wands cannot restore your health.
You are immune to rotting.


Message History

You slash the ice beast!
The ice beast is heavily wounded.
The ice beast hits you. The ice beast freezes you!
You barely miss the ice beast. Your bite misses the ice beast.
The ice beast is heavily wounded.
The ice beast hits you. The ice beast freezes you!
* * * LOW HITPOINT WARNING * * *
You are too injured to fight recklessly!
You are too injured to fight recklessly!
You hit the ice beast.
The ice beast is heavily wounded.
The ice beast barely misses you.
You riposte.
You hit the ice beast.
You bite the ice beast, but do no damage.
The ice beast is severely wounded.
You closely miss the ice beast.
The ice beast is severely wounded.
The ice beast hits you.
* * * LOW HITPOINT WARNING * * *
The ice beast freezes you.
You die...

.......#..# #... .#
###..#####..#.
#............ #..#
.# # ###.## ..#.#
####+#<...###.....
#.......(.....##.#
#....@Y..........#
###..............###
#................#
#.######.........#
#.# #.>.......# #.#
#.........# #.#
#.........# #.#
#.....[...# #.#
#...[....##


You could see an ice beast.

Vanquished Creatures
  Grinder (D:5)
  Duvessa (D:4)
  A centaur (D:5)
  Dowan (D:4)
  A crimson imp (D:5)
  A jelly (D:5)
  A hound (D:4)
  An orc wizard (D:4)
  Natasha (D:4)
  A worker ant (D:4)
  3 gnolls (D:4)
  2 adders (D:4)
  A dart slug (D:1)
  3 leopard geckos (D:4)
  4 orcs (D:4)
  A bat (D:3)
  A giant cockroach (D:1)
  A hobgoblin (D:3)
  3 jackals (D:5)
  2 frilled lizards
  A jackal skeleton (D:4)
  A kobold (D:3)
  A leopard gecko zombie (D:5)
  A rat (D:3)
35 creatures vanquished.

Notes
Turn   | Place    | Note
-------+----------+-------------------------------------------
     0 | D:1      | jacquesderrida the Vine Stalker Skald began the quest for the Orb.
     0 | D:1      | Reached XP level 1. HP: 11/11 MP: 4/4
    27 | D:1      | Reached skill level 2 in Long Blades
   142 | D:3      | Reached XP level 2. HP: 15/15 MP: 6/6
   206 | D:3      | Noticed a two-headed ogre
   305 | D:4      | Reached skill level 3 in Long Blades
   305 | D:4      | Reached XP level 3. HP: 18/18 MP: 7/7
   337 | D:4      | Reached skill level 4 in Long Blades
   337 | D:4      | Gained mutation: Your natural rate of healing is unusually fast. [Vine Stalker growth]
   337 | D:4      | Reached XP level 4. HP: 18/23 MP: 8/8
   374 | D:4      | Reached XP level 5. HP: 21/26 MP: 6/9
   412 | D:4      | Noticed Duvessa
   413 | D:4      | Noticed Dowan
   414 | D:4      | Noticed Natasha
   415 | D:4      | Killed Dowan
   415 | D:4      | Reached skill level 5 in Long Blades
   418 | D:4      | Killed Duvessa
   418 | D:4      | Reached XP level 6. HP: 10/30 MP: 3/10
   419 | D:4      | Killed Natasha
   419 | D:4      | Reached skill level 6 in Long Blades
   484 | D:5      | Entered Level 5 of the Dungeon
   502 | D:5      | Noticed an ice beast
   539 | D:5      | Noticed a komodo dragon
   587 | D:5      | Found a staircase to the Ecumenical Temple.
   587 | D:5      | Noticed Grinder
   591 | D:5      | Reached XP level 7. HP: 30/34 MP: 9/11
   635 | D:5      | Killed Grinder
   635 | D:5      | Reached skill level 7 in Long Blades
   649 | Temple   | Entered the Ecumenical Temple
   671 | Temple   | Became a worshipper of Ashenzari the Shackled
   702 | D:5      | Found an opulent altar of Gozag.
   770 | D:5      | Slain by an ice beast

Vault maps used:
D:1:      ncdulo_smallfort, minivault_19
D:2:      grunt_ministairs_11, uniq_iyjb
D:4:      uniq_natasha, uniq_duvessa
D:5:      first_bread, basic_altar, minivault_19, nicolae_gozag_seed_capital,
          uniq_grinder
Temple:   hc_temple_tempest_star

Skill      XL: |  1  2  3  4  5  6  7 |
---------------+----------------------+-----
Long Blades    | 2 3 4 5 6 7 |  7.5
Fighting       | |  1.7
Armour         | |  0.7
Dodging        | |  0.7
Spellcasting   | |  2.1
Charms         | |  3.0

Action                   |  1- 3 |  4- 6 |  7- 9 || total
-------------------------+-------+-------+-------++-------
Melee: Falchion          |    39 |       |       ||    39
       Bite              |    11 |     8 |     5 ||    24
       Long sword        |    10 |    31 |    13 ||    54
Evoke: Wand              |     1 |     7 |       ||     8
  Use: Scroll            |     2 |     3 |     1 ||     6
       Potion            |       |       |     1 ||     1
Armor: Leather armour    |     8 |     3 |     1 ||    12
Dodge: Dodged            |    25 |    19 |     5 ||    49
